 Dungeon Crawl Stone Soup version 0.31-a0-620-gd1cbd99268 (webtiles) character file.

Game seed: 8014277643725916422

441 cforsyth the Charlatan (level 7, -1/78 HPs)
             Began as a Gnoll Artificer on Aug 24, 2023.
             Slain by a kobold
             ... wielding a +0 dagger
              (2 damage)
             ... in a sewer.
             The game lasted 00:10:43 (3449 turns).

cforsyth the Charlatan (Gnoll Artificer)            Turns: 3449, Time: 00:10:43

Health: -1/78      AC: 23    Str: 12    XL:     7   Next: 2%
Magic:  10/10      EV:  2    Int: 12    God:
Gold:   195        SH:  0    Dex: 12    Spells: 10/10 levels left

rFire   . . .        h - +2 dagger (freeze)
rCold   . . .        (no shield)
rNeg    + . .        b - melded +0 leather armour
rPois   +            (helmet currently unavailable)
rElec   .            (cloak currently unavailable)
rCorr   +            m - melded +0 pair of gloves
SInv    .            (boots currently unavailable)
Will    .....        (no amulet)
Stlth   ++           i - ring of resist corrosion
HPRegen 0.33/turn    l - ring of positive energy
MPRegen 0.12/turn

%: no passive effects
@: lethally poisoned (-1 -> -7), tree-form, hasted, very quick
A: stationary, stasis, torment immunity, boosted hp, (fangs 1), strong nose,
distributed training
a: no special abilities


You were in a sewer.
You were a tree.
You visited 1 branch of the dungeon, and saw 4 of its levels.
You also visited: Sewer.

You collected 195 gold pieces.

Inventory:

Hand Weapons
 a - a +0 club
 h - a +2 dagger of freezing (weapon)
Missiles
 q - 24 poisoned darts
Armour
 b - a +0 leather armour (melded)
 m - a +0 pair of gloves (melded)
Jewellery
 i - a ring of resist corrosion (left branch)
 l - a ring of positive energy (right branch)
Wands
 d - a wand of charming (8)
 e - a wand of iceblast (5)
Scrolls
 f - a scroll of amnesia
 n - 4 scrolls of teleportation
 o - a scroll of brand weapon
 p - a scroll of immolation
Potions
 g - a potion of lignification
 j - 2 potions of attraction


   Skills:
 + Level 3.4 Fighting
 + Level 2.2 Short Blades
 + Level 2.2 Long Blades
 + Level 2.2 Axes
 + Level 2.2 Maces & Flails
 + Level 2.2 Polearms
 + Level 2.2 Staves
 + Level 2.2 Ranged Weapons
 + Level 2.2 Throwing
 + Level 5.1 Armour
 + Level 3.4 Dodging
 + Level 3.3 Stealth
 + Level 2.2 Shields
 + Level 2.2 Unarmed Combat
 + Level 2.2 Spellcasting
 + Level 1.8 Conjurations
 + Level 1.8 Hexes
 + Level 1.8 Summonings
 + Level 1.8 Necromancy
 + Level 1.8 Translocations
 + Level 1.8 Transmutations
 + Level 1.8 Fire Magic
 + Level 1.8 Ice Magic
 + Level 1.8 Air Magic
 + Level 1.8 Earth Magic
 + Level 1.8 Poison Magic
 + Level 2.5 Invocations
 + Level 6.9 Evocations
 + Level 2.0 Shapeshifting


You had 10 spell levels left.
You didn't know any spells.
Your spell library contained the following spells:

 Spells                   Type           Power      Damage    Failure   Level
 Shock                    Conj/Air       20%        1d4       13%         1
 Static Discharge         Conj/Air       10%        2-3/arc   19%         2
 Swiftness                Air            5%         N/A       36%         3
 Airstrike                Air            2%         2d(1-17)  77%         4
 Summon Lightning Spire   Summ/Air       5%         N/A       77%         4


Dungeon Overview and Level Annotations

Branches:
Dungeon (4/15)              Sewer (1/1)
 Temple: D:4-7

Altars:
Cheibriados
Fedhas
Kikubaaqudgha
Ru
Uskayaw
Vehumet
The Shining One


Innate Abilities, Weirdness & Mutations

You are a tree.
Your roots penetrate the ground, keeping you stationary.
You cannot be teleported.
You are immune to unholy pain and torment.
Your maximum health is greatly increased.
Your equipment is partially melded.
((You have very sharp teeth.))
Your uncanny sense of smell can sniff out nearby items.
Your experience applies equally to all skills.


Message History

The kobold hits you but does no damage.
Unknown command.
Aiming: Charm
Press: ? - help, Shift-Dir - straight line, f/p - kobold brigand
Aim: a kobold brigand, wielding a +0 short sword and quivering poisoned darts (black smoke, moderately wounded, ally target, chance to affect: 66%)
The kobold brigand is charmed.
* * * LOW HITPOINT WARNING * * *
You feel very sick.
The kobold brigand hits you but does no damage.
You are lethally poisoned!
The kobold splashes around in the water.
The kobold hits you but does no damage. x3
Unknown command.
It was a potion of haste.
You feel yourself speed up.
* * * LOW HITPOINT WARNING * * *
You feel very sick.
The kobold brigand hits you with a +2 dagger of venom.
* * * LOW HITPOINT WARNING * * *
The kobold hits your kobold brigand but does no damage.
The kobold hits your kobold brigand with a +1 short sword of venom.
Your kobold brigand is poisoned.
The kobold hits you but does no damage. x2
You cannot move.
You cannot move.
You cannot move.
You cannot move.
Unknown command.
You closely miss the kobold.
* * * LOW HITPOINT WARNING * * *
You feel sick.
The kobold brigand hits you but does no damage.
The kobold splashes around in the water.
Your kobold brigand closely misses the kobold.
You hit the kobold. You freeze the kobold.
You kill the kobold!
* * * LOW HITPOINT WARNING * * *
You feel sick.
Your kobold brigand misses the kobold brigand.
The kobold hits you but does no damage. The kobold hits you with a +0 dagger.
You die...

##....~~≈≈~~.......
#.....~≈≈≈~.......
##....~~≈≈≈~~......
##.....~~≈≈≈~~~....#
#......~~≈≈≈≈~....##
#.....#~≈≈≈≈≈~....#
#§§§§##~≈≈≈≈≈~....##
#§§KK#~~≈≈≈≈≈~.....#
##§K♣K§~≈≈≈≈≈≈~.....#
#.§KKK§~≈≈≈≈≈≈~....##
#.§§§§§~≈≈≈≈≈≈~~...#
###'###≈#≈#≈####'###
#.....##≈#≈#≈#.....#
#.....# #≈#≈##.))).#
##...## #≈#≈##...##
....! #≈##.....#
#!.#.!# #≈#).#..#


You could see a kobold brigand (ally target), 4 kobolds and 2 friendly kobold
brigands.

Vanquished Creatures
  Sigmund (D:2)
  Natasha (D:4)
  2 orc wizards
  5 adders
  6 river rats
  2 worms
  5 dart slugs
  6 orcs (D:3)
  2 bats (D:1)
  5 endoplasms
  4 giant cockroaches
  10 hobgoblins
  4 quokkas
  8 ball pythons
  3 frilled lizards
  4 goblins
  14 kobolds
  12 rats
94 creatures vanquished.

Vanquished Creatures (collateral kills)
  An adder (Sewer)
  An endoplasm (Sewer)
  A ball python (Sewer)
  2 rats (Sewer)
5 creatures vanquished.

Vanquished Creatures (others)
  2 river rats (Sewer)
2 creatures vanquished.

Grand Total: 101 creatures vanquished

Notes
Turn   | Place    | Note
-------+----------+-------------------------------------------
     0 | D:1      | cforsyth the Gnoll Artificer began the quest for the Orb.
     0 | D:1      | Reached XP level 1. HP: 17/17 MP: 1/1
    97 | D:1      | Reached XP level 2. HP: 17/23 MP: 2/2
   476 | D:1      | Reached XP level 3. HP: 21/28 MP: 3/3
   801 | D:2      | Reached skill level 1 in Invocations
   808 | D:2      | You fall into a shaft and drop 1 floor!
   810 | D:3      | Found a glowing golden altar of the Shining One.
   811 | D:3      | Found a sacrificial altar of Ru.
   832 | D:3      | Found a radiant altar of Vehumet.
   967 | D:3      | Found a snail-covered altar of Cheibriados.
   970 | D:3      | Found a hide-covered altar of Uskayaw.
  1006 | D:3      | Reached skill level 1 in Short Blades
  1006 | D:3      | Reached skill level 1 in Long Blades
  1006 | D:3      | Reached skill level 1 in Axes
  1006 | D:3      | Reached skill level 1 in Maces & Flails
  1006 | D:3      | Reached skill level 1 in Polearms
  1006 | D:3      | Reached skill level 1 in Staves
  1006 | D:3      | Reached skill level 1 in Ranged Weapons
  1006 | D:3      | Reached skill level 1 in Throwing
  1006 | D:3      | Reached skill level 1 in Shields
  1006 | D:3      | Reached skill level 1 in Unarmed Combat
  1006 | D:3      | Reached skill level 1 in Spellcasting
  1058 | D:3      | Reached skill level 1 in Shapeshifting
  1058 | D:3      | Reached XP level 4. HP: 31/34 MP: 5/5
  1134 | D:3      | Reached skill level 1 in Conjurations
  1134 | D:3      | Reached skill level 1 in Hexes
  1134 | D:3      | Reached skill level 1 in Summonings
  1134 | D:3      | Reached skill level 1 in Necromancy
  1134 | D:3      | Reached skill level 1 in Translocations
  1134 | D:3      | Reached skill level 1 in Transmutations
  1134 | D:3      | Reached skill level 1 in Fire Magic
  1134 | D:3      | Reached skill level 1 in Ice Magic
  1134 | D:3      | Reached skill level 1 in Air Magic
  1134 | D:3      | Reached skill level 1 in Earth Magic
  1134 | D:3      | Reached skill level 1 in Poison Magic
  1185 | D:2      | Reached XP level 5. HP: 19/40 MP: 5/7
  1317 | D:2      | Found a blossoming altar of Fedhas.
  1457 | D:2      | Noticed Sigmund
  1460 | D:2      | Killed Sigmund
  1461 | D:2      | Reached skill level 5 in Armour
  1461 | D:2      | Reached XP level 6. HP: 47/47 MP: 8/8
  1856 | D:3      | Found an ancient bone altar of Kikubaaqudgha.
  2354 | D:4      | Noticed Natasha
  2358 | D:4      | Killed Natasha
  2410 | D:4      | Found a glowing drain.
  2437 | Sewer    | Entered a sewer
  3042 | Sewer    | Reached XP level 7. HP: 19/52 MP: 10/10
  3447 | Sewer    | HP: 3/78 [kobold brigand/+2 dagger of venom (2)]
  3449 | Sewer    | HP: 1/78 [poisoned by a kobold brigand]
  3449 | Sewer    | Slain by a kobold

Illustrated notes

Levels and vault maps discovered:
D:1:      matt_arrival_diagonals, layout_loops_ring
D:2:      layout_rooms, basic_altar, uniq_sigmund
D:3:      layout_rooms, grunt_temple_overflow_open,
          nicolae_overflow_hidden_temple, guppyfry_early_orc_mine
D:4:      layout_loops_cross, cheibrodos_sewer_entry_sluice, serial_glass,
          glass_columns_b, glass_columns_a, glass_columns_a, glass_columns_a,
          feat_on_display, item_on_display_a, due_unseen_surprise,
          glass_columns_a, minivault_4, uniq_natasha, uniq_blork_the_orc,
          uniq_pikel
Sewer:    sewer_minmay_treatment

Skill      XL: |  1  2  3  4  5  6 |
---------------+-------------------+-----
Invocations    | 1 2 |  2.5
Short Blades   | 1 2 |  2.2
Long Blades    | 1 2 |  2.2
Axes           | 1 2 |  2.2
Maces & Flails | 1 2 |  2.2
Polearms       | 1 2 |  2.2
Staves         | 1 2 |  2.2
Ranged Weapons | 1 2 |  2.2
Throwing       | 1 2 |  2.2
Shields        | 1 2 |  2.2
Unarmed Combat | 1 2 |  2.2
Spellcasting   | 1 2 |  2.2
Shapeshifting  | 1 2 |  2.0
Conjurations   | 1 |  1.8
Hexes          | 1 |  1.8
Summonings     | 1 |  1.8
Necromancy     | 1 |  1.8
Translocations | 1 |  1.8
Transmutations | 1 |  1.8
Fire Magic     | 1 |  1.8
Ice Magic      | 1 |  1.8
Air Magic      | 1 |  1.8
Earth Magic    | 1 |  1.8
Poison Magic   | 1 |  1.8
Fighting       | 3 |  3.4
Armour         | 5 |  5.1
Dodging        | 3 |  3.4
Stealth        | 3 |  3.3
Evocations     | |  6.9

Action                     |  1- 3 |  4- 6 |  7- 9 || total
---------------------------+-------+-------+-------++-------
  Melee: Club              |    21 |       |       ||    21
         Bite              |     7 |    19 |     2 ||    28
         Punch             |     1 |     2 |     1 ||     4
         Dagger            |    83 |   178 |    10 ||   271
  Evoke: Wand              |     1 |    17 |     4 ||    22
    Use: Scroll            |       |     8 |     1 ||     9
         Potion            |       |       |     3 ||     3
   Stab: Sleeping          |     3 |     1 |       ||     4
 Armour: Leather armour    |    19 |    45 |     6 ||    70
         Skin              |       |       |    28 ||    28
  Dodge: Dodged            |    44 |   131 |    17 ||   192

Table legend: (Time is in decaauts)
 A = Elapsed time spent in this place.
 B = Non-inter-level travel time spent in this place.
 C = Inter-level travel time spent in this place.
 D = Time resting spent in this place.
 E = Time spent auto-exploring this place.
 F = Levels seen in this place.
 G = Mean time per level.
                   A        B        C        D        E       F      G
               +--------+--------+--------+--------+--------+-----+--------+
         Total |   3447 |   3389 |     58 |    419 |   2032 |   5 |  689.4 |
       Dungeon |   2432 |   2374 |     58 |     46 |   1643 |   4 |  608.0 |
         Sewer |   1015 |   1015 |      0 |    373 |    389 |   1 | 1015.0 |
               +--------+--------+--------+--------+--------+-----+--------+

Top non-repeatable levels by time:
   Sewer: 1015 daAuts
     D:3: 995 daAuts
     D:1: 764 daAuts
     D:2: 608 daAuts
     D:4: 63 daAuts
